 Dungeon Crawl Stone Soup version 0.27-a0-1502-g47ed6a6988 (webtiles) character file.

Game seed: 8214261709523387066

76 HoaS the Ruffian (level 3, -1/29 HPs)
             Began as a Demigod Gladiator on July 8, 2021.
             Slain by a gnoll (4 damage)
             ... on level 1 of the Dungeon.
             The game lasted 00:04:13 (2364 turns).

HoaS the Ruffian (Demigod Gladiator)                Turns: 2364, Time: 00:04:14

Health: -1/29      AC:  7    Str: 19    XL:     3   Next: 89%
Magic:  5/5        EV: 10    Int: 10    God:
Gold:   82         SH:  0    Dex: 15    Spells: 2/2 levels left

rFire    . . .     SeeInvis .     - Unarmed
rCold    . . .     Faith    .   (no shield)
rNeg     . . .     Spirit   .   i - +0 scale mail
rPois    .         Reflect  .   b - +0 helmet
rElec    .         Harm     .   (no cloak)
rCorr    .         Rampage  .   (no gloves)
Will     .....                  (no boots)
Stlth    ..........             (no amulet)
HPRegen  0.09/turn              (no ring)
MPRegen  0.09/turn              (no ring)

@: no status effects
A: high mp 1, forlorn
a: no special abilities


You were on level 1 of the Dungeon.
You visited 1 branch of the dungeon, and saw 2 of its levels.

You collected 82 gold pieces.

Inventory:

Missiles
 a - 14 poisoned darts
 c - 3 throwing nets (quivered)
Armour
 b - a +0 helmet (worn)
 i - a +0 scale mail (worn)
Jewellery
 h - a ring of positive energy
Scrolls
 e - a scroll of blinking
 f - a scroll of identify
Potions
 d - a potion of curing {unknown}
 g - a potion of degeneration {unknown}


   Skills:
 - Level 1.7 Fighting
 - Level 1.7 Throwing
 - Level 2.6 Dodging
 + Level 4.5 Unarmed Combat


You had 2 spell levels left.
You didn't know any spells.
Your spell library contained the following spells:

 Spells                   Type           Power      Damage    Failure   Level
 Olgreb's Toxic Radiance  Pois           0%         N/A       100%        4
 Blade Hands              Tmut           0%         N/A       100%        5
 Irradiate                Conj/Tmut      0%         3d14      100%        5
 Dragon Form              Tmut           0%         N/A       100%        7
 Ozocubu's Refrigeration  Ice            0%         4d5       100%        7
 Ignition                 Fire           0%         3d3       100%        8


Dungeon Overview and Level Annotations

Branches:
Dungeon (2/15)


Innate Abilities, Weirdness & Mutations

Your attributes grow dramatically as you level up.
You have an increased reservoir of magic. (+10% MP)
You shall have no god before yourself.


Message History

You barely miss the gnoll. You punch the gnoll, but do no damage.
The gnoll hits you with a +0 whip. The gnoll hits you but does no damage.
You completely miss the gnoll. The gnoll hits you but does no damage.
The gnoll hits you from afar with a +0 spear.
You hit the gnoll.
The gnoll is lightly wounded.
The gnoll hits you with a +0 whip.
The gnoll hits you from afar with a +0 spear.
You barely miss the gnoll.
The gnoll is lightly wounded.
The gnoll hits you with a +0 whip.
* * * LOW HITPOINT WARNING * * *
The gnoll barely misses you.
You punch the gnoll!
The gnoll is severely wounded.
The gnoll hits you with a +0 whip.
* * * LOW HITPOINT WARNING * * *
The gnoll barely misses you.
You closely miss the gnoll.
The gnoll is severely wounded.
The gnoll hits you with a +0 whip.
* * * LOW HITPOINT WARNING * * *
The gnoll barely misses you.
Okay, then.
There is an open door here.
The gnoll throws a throwing net.
The throwing net barely misses you.
You see here a throwing net.
There is an open door here.
There is a stone staircase leading up, spattered with blood here.
The gnoll hits you but does no damage.
You climb upwards.
There is a stone staircase leading down here.
You barely miss the gnoll.
The gnoll is severely wounded.
The gnoll hits you with a +0 whip.
* * * LOW HITPOINT WARNING * * *
You hit the gnoll.
The gnoll is almost dead.
The gnoll hits you with a +0 whip.
You die...

#............####...#..#..#######
#.##.......### #####..#..#######
#.##.......# #............
...........# ##.#..#######
#.#####.######### #.#..#
#.####..........# ###.#..#
.....#..#######.# ##.#.#..#######
#.##.#..#######÷###.#..#.........
..##.#..........@......##......##
####.#..#######g##...............
.....#..# #.##......≈.....$..
######..# #.##............)..
........#######.##..≈≈≈≈.........
######..........##≈≈≈≈≈≈≈≈≈≈.....
..................≈≈≈≈§§≈≈≈≈≈≈≈≈.
#################..≈≈≈≈≈≈≈≈≈≈≈≈≈≈
#...≈≈≈≈≈≈≈≈≈≈≈≈≈


You could see a gnoll.

Vanquished Creatures
  A gnoll (D:2)
  An adder (D:1)
  2 dart slugs
  2 endoplasms (D:2)
  3 giant cockroaches
  8 goblins
  10 hobgoblins
  4 jackals (D:2)
  2 kobolds (D:1)
  2 quokkas
  3 ball pythons
  4 bats
  3 frilled lizards
  2 rats (D:1)
47 creatures vanquished.

Vanquished Creatures (others)
  A bat (D:1)
  A goblin (D:1)
2 creatures vanquished.

Grand Total: 49 creatures vanquished

Notes
Turn   | Place    | Note
-------+----------+-------------------------------------------
     0 | D:1      | HoaS the Demigod Gladiator began the quest for the Orb.
     0 | D:1      | Reached XP level 1. HP: 17/17 MP: 3/3
     6 | D:1      | Noticed a snapping turtle
     6 | D:1      | Noticed a wyvern
     6 | D:1      | Noticed a swamp worm
     7 | D:1      | Noticed a wolf
     7 | D:1      | Noticed a polar bear
    58 | D:1      | Reached skill level 3 in Unarmed Combat
   416 | D:1      | Reached XP level 2. HP: 24/24 MP: 4/4
   959 | D:1      | HP: 1/24 [poisoned by an adder]
  1416 | D:2      | Reached XP level 3. HP: 17/29 MP: 5/5
  1423 | D:2      | Reached skill level 4 in Unarmed Combat
  2364 | D:1      | Slain by a gnoll

Illustrated notes

Levels and vault maps discovered:
D:1:      onia_arrival_zoo_common, layout_loops_ring, chequers_avenue,
          lemuel_old_faithful
D:2:      cheibrodos_greedy_goblins, layout_basic, basic_altar,
          hellmonk_ecumenical_altar_inner_sanctum, minmay_heptomino_l4

Skill      XL: |  1  2  3 |
---------------+----------+-----
Unarmed Combat | 3 4 |  4.5
Fighting       | |  1.7
Throwing       | |  1.7
Dodging        | |  2.6

Action                   || total
-------------------------++-------
Melee: Unarmed           ||   220
       Punch             ||     4
  Use: Scroll            ||     6
       Potion            ||     2
Armor: Leather armour    ||    16
       Ring mail         ||    61
       Scale mail        ||    13
Dodge: Dodged            ||   131

Table legend: (Time is in decaauts)
 A = Elapsed time spent in this place.
 B = Non-inter-level travel time spent in this place.
 C = Inter-level travel time spent in this place.
 D = Time resting spent in this place.
 E = Time spent auto-exploring this place.
 F = Levels seen in this place.
 G = Mean time per level.
                   A        B        C        D        E       F      G
               +--------+--------+--------+--------+--------+-----+--------+
         Total |   2349 |   2320 |     29 |    611 |   1237 |   2 | 1174.5 |
       Dungeon |   2349 |   2320 |     29 |    611 |   1237 |   2 | 1174.5 |
               +--------+--------+--------+--------+--------+-----+--------+

Top non-repeatable levels by time:
     D:2: 1261 daAuts
     D:1: 1088 daAuts
